Map: Fields of Death

Players

Oniontears - Winner!

  • Race: Terran Terran
  • League: Diamond
  • Spawn Location: 12:00

BaygonV - Winner!

  • Race: Terran Terran
  • Spawn Location: 12:00

PiPuxD

  • Race: Protoss Protoss
  • League: Gold
  • Spawn Location: 7:00

MattBarry

  • Race: Zerg Zerg
  • League: Gold
  • Spawn Location: 6:00

VOD

Have the link to the VOD?

Description

Time

  • Played on: Jan. 28, 2023, 11:18 p.m.
  • Length: 15:17
Show
View Real Time Build Order
Export as new Build Order

Oniontears Terran - Winner!

Build Orders: Command Center First (CC) 

Get SALT Encoding   

  12  0:02  SCV  
  13  0:17  SCV  
  14  0:29  SCV  
  14  0:30  Supply Depot  
  14  0:34  Refinery  
  15  0:52  SCV  
  16  1:04  SCV  
  16  1:09  Command Center  
  17  1:16  SCV  
  18  1:24  Barracks  
  18  1:28  SCV  
  19  1:40  SCV  
  19  1:42  Barracks  
  20  1:52  SCV  
  21  1:57  Barracks  
  21  2:04  SCV  
  22  2:19  Orbital Command  
  22  2:20  Barracks Reactor  
  22  2:24  Orbital Command  
  22  2:43  Marine x2  
  24  2:45  SCV  
  24  2:50  SCV  
  26  2:52  Refinery  
  26  2:57  SCV  
  27  3:00  Marine x2  
  27  3:01  Marine  
  27  3:02  Supply Depot  
  27  3:04  SCV  
  32  3:18  Marine x2  
  32  3:19  Marine  
  35  3:22  Barracks Tech Lab  
  32  3:35  SCV x2  
  32  3:36  Marine x2  
  32  3:37  Marine  
  37  3:42  Supply Depot  
  37  3:44  Marine  
  37  3:45  Stimpack  
  37  3:47  SCV x2  
  40  3:50  Engineering Bay  
  40  3:53  Marine  
  40  3:54  Marine  
  42  3:56  Barracks Tech Lab  
  42  3:59  SCV  
  42  4:00  SCV  
  42  4:02  Marine  
  43  4:11  Marine x2  
  43  4:16  SCV x2  
  44  4:19  Marine  
  43  4:28  SCV  
  43  4:29  SCV  
  42  4:40  SCV  
  42  4:41  SCV  
  43  4:47  Terran Infantry Weapons Level 1  
  43  4:50  Missile Turret  
  43  4:53  SCV x2  
  43  4:56  Factory  
  45  5:05  SCV x2  
  47  5:13  Missile Turret  
  47  5:17  SCV x2  
  49  5:23  Engineering Bay  
  49  5:24  Marine, Marauder  
  49  5:25  Marauder  
  49  5:27  Combat Shield  
  54  5:32  Supply Depot  
  54  5:38  Command Center  
  54  5:42  Factory Reactor  
  54  5:46  Starport  
  54  5:53  Marine x4, SCV x2  
  54  5:54  Supply Depot  
  60  6:04  Terran Infantry Armor Level 1  
  60  6:05  SCV x2  
  62  6:12  Missile Turret  
  62  6:15  Marine x3  
  62  6:16  Marauder  
  62  6:17  SCV x2  
  69  6:22  Supply Depot  
  66  6:30  SCV x2  
  68  6:34  Concussive Shells  
  68  6:42  SCV x2  
  70  6:54  SCV x2  
  72  6:55  Barracks  
  72  6:57  Medivac x2  
  72  7:00  Orbital Command  
  76  7:01  Factory Tech Lab  
  76  7:02  Missile Turret  
  76  7:06  SCV x2  
  78  7:15  Refinery  
  78  7:18  SCV x2  
  78  7:20  Refinery  
  78  7:22  Marine x2, Marauder  
  86  7:23  Marauder  
  86  7:29  Siege Tank  
  89  7:40  Marine x2  
  89  7:41  Marine  
  92  7:46  Marauder  
  92  7:57  Marine  
  93  8:05  Barracks Reactor  
  93  8:11  Supply Depot  
  93  8:13  Supply Depot  
  93  8:25  Armory  
  93  8:28  Command Center  
  93  8:33  Marine x2, SCV x2, Marauder x2  
  101  8:34  SCV  
  102  8:45  SCV x2  
  102  8:46  SCV  
  105  8:49  Ghost Academy  
  105  8:51  Marine  
  105  8:54  Marine x2  
  105  8:55  Barracks x3  
  108  8:57  SCV  
  108  8:59  Missile Turret  
  108  9:00  Refinery  
  109  9:05  Supply Depot  
  109  9:11  Factory  
  109  9:21  Missile Turret  
  109  9:26  Marine x2, SCV x3  
  113  9:31  Marine x2  
  113  9:32  Marauder  
  116  9:39  SCV  
  116  9:41  Missile Turret  
  116  9:43  SCV  
  116  9:44  SCV  
  116  9:45  Missile Turret, Sensor Tower  
  117  9:46  Marine x2  
  117  10:01  Factory Tech Lab  
  117  10:03  Marine x3, Liberator x2, Marauder x2, Siege Tank  
  117  10:05  Marine  
  117  10:06  Marine  
  132  10:25  Marauder x2  
  133  10:28  Barracks Tech Lab  
  133  10:29  Barracks Tech Lab x2  
  133  10:35  Siege Tank  
  129  10:42  Refinery  
  129  10:46  Marauder x2  
  133  10:58  Command Center  
  133  11:00  Command Center  
  133  11:01  Supply Depot  
  133  11:04  Widow Mine, Medivac x2  
  133  11:07  Widow Mine  
  133  11:09  Drilling Claws  
  141  11:17  Marauder  
  141  11:22  Marine x3, Marauder  
  148  11:35  Fusion Core  
  148  11:51  Unknown  
  148  11:53  Command Center  
  148  11:58  Supply Depot  
  148  12:09  Widow Mine x2, Starport, Medivac  
  164  12:15  SCV  
  164  12:16  SCV x2  
  164  12:18  SCV  
  164  12:19  SCV  
  164  12:21  Terran Infantry Weapons Level 2  
  169  12:28  SCV  
  147  12:38  Unknown x4  
  147  12:39  Unknown  
  142  12:53  Marine x3  
  142  12:55  Liberator x2  
  142  12:56  Starport Reactor  
  151  12:59  Siege Tank  
  151  13:01  SCV  
  151  13:02  SCV x3  
  158  13:06  Unknown x4  
  158  13:07  Terran Ship Weapons Level 1, Marauder x2  
  158  13:08  Unknown  
  158  13:12  Refinery  
  164  13:14  Refinery  
  164  13:15  Planetary Fortress  
  164  13:16  Missile Turret  
  164  13:35  Unknown  
  164  13:39  Personal Cloaking  
  164  13:53  Liberator x2  
  170  14:00  Marine  
  170  14:01  Marine x2, Marauder x2  
  177  14:02  Medivac  
  177  14:03  Widow Mine  
  177  14:04  Widow Mine  
  177  14:08  Supply Depot  
  156  14:43  Marine x3  
  156  14:44  Marine, Marauder x2  
Show
View Real Time Build Order
Export as new Build Order

BaygonV Terran - Winner!

Build Orders: Reaper Expand 

Get SALT Encoding   

  12  0:00  SCV  
  13  0:13  SCV  
  14  0:17  Supply Depot  
  14  0:25  SCV  
  15  0:39  SCV  
  15  0:40  Barracks  
  16  0:44  Refinery  
  16  0:51  SCV  
  17  1:03  SCV  
  18  1:15  SCV  
  19  1:28  Orbital Command  
  19  1:29  Reaper  
  20  1:43  Command Center  
  20  1:53  Supply Depot  
  20  1:56  SCV  
  21  2:04  Marine  
  22  2:11  Factory  
  22  2:12  SCV  
  23  2:18  Refinery  
  23  2:25  SCV  
  24  2:32  Barracks Reactor  
  24  2:37  SCV  
  25  2:49  SCV  
  26  2:55  Orbital Command  
  26  3:01  SCV  
  26  3:03  Starport  
  27  3:09  Marine x2, Hellion  
  31  3:13  SCV, Engineering Bay  
  32  3:21  SCV  
  33  3:28  SCV  
  33  3:29  Marine x2  
  36  3:36  Widow Mine, SCV  
  36  3:39  Terran Infantry Weapons Level 1  
  39  3:44  Missile Turret  
  39  3:45  SCV  
  40  3:49  Marine x2  
  40  3:50  SCV  
  42  3:57  SCV  
  42  4:02  SCV  
  44  4:05  Supply Depot, Missile Turret  
  44  4:11  Marine, SCV  
  46  4:17  Marine  
  46  4:26  SCV x2  
  46  4:28  Factory Tech Lab  
  46  4:29  Marine  
  49  4:39  Command Center  
  49  4:41  SCV  
  49  4:42  SCV  
  51  4:51  Refinery  
  51  4:53  Barracks, Medivac  
  51  4:54  Refinery  
  51  4:55  Barracks  
  51  4:57  Marine  
  54  5:05  Supply Depot  
  54  5:08  Factory Reactor  
  54  5:22  Supply Depot  
  54  5:27  Marine x2, SCV x2  
  58  5:34  Starport Reactor  
  58  5:39  SCV x2  
  58  5:40  Supply Depot x2  
  60  5:48  Barracks Tech Lab  
  60  5:51  SCV x2  
  60  5:53  Barracks  
  60  5:56  Barracks  
  63  5:57  Orbital Command  
  63  6:01  Missile Turret  
  63  6:03  SCV  
  63  6:06  Widow Mine  
  63  6:10  Stimpack  
  65  6:12  SCV  
  65  6:14  Terran Infantry Armor Level 1  
  67  6:18  SCV  
  67  6:20  Marine x3  
  70  6:29  Marine  
  70  6:31  Combat Shield  
  70  6:32  SCV  
  72  6:35  Widow Mine x2, Medivac x2  
  72  6:38  Marine  
  81  6:41  Armory  
  81  6:45  Engineering Bay  
  81  6:46  Barracks Tech Lab, Barracks Reactor  
  81  6:49  SCV x2  
  81  6:50  SCV  
  84  6:57  Supply Depot  
  84  7:00  Supply Depot  
  84  7:01  Marine x2, SCV  
  85  7:02  Supply Depot, Marine  
  85  7:03  SCV  
  90  7:08  SCV  
  90  7:20  Supply Depot  
  87  7:29  Marine x5  
  90  7:30  Marauder  
  90  7:31  Widow Mine x2, Medivac x2  
  101  7:40  Marauder  
  101  7:41  SCV  
  104  7:48  Marauder  
  106  7:52  Marauder  
  108  8:00  Marine x4  
  108  8:01  Marine  
  108  8:02  Widow Mine x2  
  117  8:09  Marine  
  117  8:11  SCV  
  117  8:12  Terran Infantry Armor Level 2, Terran Infantry Weapons Level 2  
  119  8:13  Terran Vehicle Weapons Level 1, Marauder  
  119  8:16  Supply Depot x2  
  119  8:18  Marine x2  
  119  8:19  Barracks, Marauder  
  125  8:23  Marine x2, Command Center  
  125  8:26  Widow Mine, Marine  
  130  8:29  Widow Mine  
  132  8:38  Marauder  
  132  8:39  Marine  
  132  8:40  Marine x3  
  138  8:45  Marauder  
  140  8:52  Marine  
  140  8:54  Widow Mine x2  
  145  8:57  Marine x2  
  145  8:59  Marauder  
  147  9:12  Marine x2  
  149  9:19  Starport x2, Refinery  
  149  9:22  Refinery  
  149  9:34  Supply Depot x2, Marine  
  149  9:35  Widow Mine, SCV, Marauder, Medivac x2  
  149  9:36  Supply Depot  
  131  10:01  Marine x5  
  131  10:02  Marauder  
  131  10:03  Widow Mine x2  
  142  10:19  Command Center  
  142  10:22  Marine  
  142  10:23  Marine x5  
  142  10:24  Marauder  
  142  10:25  Medivac x2  
  151  10:40  Marine x2  
  151  10:41  Marauder x2  
  157  10:50  Marine x2  
  157  10:55  Medivac  
  158  11:03  Marine x5  
  163  11:05  Widow Mine x2  
  163  11:07  Starport Tech Lab x2  
  163  11:08  Marine x2  
  163  11:10  Fusion Core  
  169  11:12  SCV  
  169  11:13  SCV  
  169  11:15  Barracks Reactor  
  171  11:19  Supply Depot x3  
  171  11:21  Marauder  
  173  11:29  Marine x3  
  173  11:30  Marauder  
  175  11:37  Marine x2  
  169  11:42  Marine  
  163  11:51  Marauder  
  161  11:55  SCV  
  161  11:56  Marine  
  161  11:57  Marine x3, Marauder  
  161  11:59  Marine x2  
  161  12:00  Marine  
  147  12:01  Widow Mine  
  147  12:02  Widow Mine, Banshee  
  147  12:03  Banshee  
  147  12:04  SCV  
  147  12:06  Terran Vehicle And Ship Armor Level 1  
  158  12:09  SCV  
  158  12:10  SCV  
  158  12:13  Marauder  
  158  12:15  Refinery x2  
  162  12:16  Orbital Command  
  160  12:25  Marine x3  
  160  12:26  Marine x2, Marauder  
  160  12:27  Medivac x2  
  160  12:28  SCV  
  172  12:45  Banshee  
  172  12:50  Marine x3, Marauder  
  170  12:54  Marine x5  
  172  13:06  SCV, Command Center  
  172  13:07  Marine  
  172  13:09  Hyperflight Rotors  
  172  13:12  Marauder  
  176  13:27  Banshee  
  176  13:28  Banshee, SCV  
  176  13:30  Cloaking Field  
  183  13:35  Armory  
  183  13:38  Starport  
  183  13:40  Starport  
  183  13:44  Refinery  
  183  13:45  Missile Turret  
  183  13:54  Marine x3  
  183  13:55  Marine x6  
  191  13:57  Widow Mine x2  
  196  14:05  Armory  
  196  14:09  Banshee  
  196  14:12  Marine  
  194  14:39  Marine x4, SCV  
  194  14:40  Marine  
  198  14:54  Starport Tech Lab  
  198  14:55  Starport Tech Lab  
Show
View Real Time Build Order
Export as new Build Order

PiPuxD Protoss 

Build Orders: 1 Gate Expand, Oracle Opening 

Get SALT Encoding   

  12  0:00  Probe  
  13  0:12  Probe  
  14  0:17  Pylon  
  14  0:24  Probe  
  15  0:37  Probe (Chrono Boost)  
  15  0:38  Gateway  
  16  0:44  Assimilator  
  16  0:47  Probe (Chrono Boost)  
  17  0:52  Probe (Chrono Boost)  
  18  1:04  Probe  
  19  1:16  Probe  
  20  1:25  Nexus  
  20  1:28  Probe  
  21  1:36  Pylon  
  21  1:41  Probe  
  22  1:49  Cybernetics Core  
  22  1:56  Probe  
  23  2:03  Pylon  
  23  2:09  Probe  
  24  2:17  Assimilator  
  24  2:21  Probe  
  25  2:26  Warp Gate  
  25  2:29  Stargate  
  24  2:37  Adept (Chrono Boost)  
  26  2:52  Probe x2  
  26  2:55  Pylon  
  28  3:01  Adept  
  28  3:04  Probe x2  
  32  3:10  Oracle (Chrono Boost)  
  32  3:16  Probe x2  
  37  3:28  Probe x2  
  37  3:31  Adept  
  41  3:40  Probe x2  
  43  3:45  Gateway  
  43  3:46  Gateway  
  43  3:52  Probe  
  43  3:53  Probe  
  45  4:05  Probe x2  
  47  4:22  Probe x2  
  47  4:24  Oracle  
  45  4:26  Stalker  
  47  4:31  Twilight Council  
  47  4:33  Pylon  
  47  4:34  Probe x2  
  47  4:37  Assimilator  
  49  4:41  Stalker x2, Assimilator  
  53  4:47  Probe  
  53  4:48  Probe  
  55  5:06  Nexus  
  55  5:07  Forge  
  55  5:08  Forge, Pylon, Blink (Chrono Boost)  
  55  5:15  Probe  
  55  5:16  Probe  
  57  5:22  Stalker x2  
  57  5:26  Stalker  
  63  5:32  Pylon  
  63  5:39  Protoss Ground Weapons Level 1 (Chrono Boost), Protoss Ground Armor Level 1 (Chrono Boost), Robotics Facility  
  63  5:52  Stalker x2  
  67  5:57  Stalker  
  67  5:59  Probe x2  
  71  6:07  Pylon  
  71  6:11  Probe x2  
  71  6:13  Gateway  
  71  6:15  Gateway  
  73  6:20  Probe  
  73  6:23  Probe x2  
  76  6:27  Observer, Stalker  
  76  6:28  Stalker  
  76  6:32  Probe  
  82  6:34  Stalker  
  84  6:42  Robotics Bay  
  84  6:43  Assimilator  
  84  6:45  Assimilator, Probe x2  
  86  6:47  Probe  
  86  6:53  Observer  
  88  6:57  Probe x2  
  88  6:59  Probe  
  88  7:00  Stalker x2  
  95  7:01  Stalker  
  97  7:14  Pylon  
  97  7:16  Pylon  
  97  7:17  Probe x3  
  97  7:40  Disruptor (Chrono Boost)  
  97  7:42  Probe x2  
  102  7:46  Stalker x5  
  106  8:06  Disruptor (Chrono Boost)  
  106  8:07  Probe x3  
  106  8:08  Protoss Ground Weapons Level 2 (Chrono Boost), Protoss Ground Armor Level 2 (Chrono Boost)  
  106  8:11  Charge (Chrono Boost)  
  112  8:17  Zealot x5  
  122  8:39  Nexus  
  122  8:41  Pylon  
  122  8:43  Pylon  
  122  8:51  Stalker  
  124  8:58  Pylon  
  124  8:59  Pylon  
  124  9:03  Stalker  
  124  9:04  Stalker x3  
  132  9:14  Shield Battery x2  
  132  9:26  Stalker  
  132  9:27  Stalker x4  
  124  10:00  Zealot x3  
  124  10:01  Zealot  
  124  10:02  Zealot  
  123  10:08  Disruptor  
  123  10:13  Probe x2  
  123  10:14  Probe  
  116  10:23  Zealot x5  
  116  10:25  Probe x2  
  116  10:26  Probe  
  129  10:30  Protoss Ground Weapons Level 3 (Chrono Boost), Protoss Ground Armor Level 3 (Chrono Boost)  
  119  10:37  Probe  
  119  10:38  Probe x2  
  119  10:39  Assimilator  
  119  10:41  Probe  
  119  10:42  Assimilator  
  123  10:44  Disruptor  
  123  10:45  Stalker x3  
  123  10:46  Zealot x2  
  135  10:50  Probe x3  
  135  10:53  Probe  
  134  11:08  Stalker x2  
  138  11:13  Probe x4  
  138  11:16  Zealot x3  
  148  11:20  Disruptor  
  148  11:22  Gateway  
  148  11:24  Gateway  
  148  11:25  Probe x4  
  155  11:26  Pylon  
  155  11:29  Pylon  
  155  11:37  Probe x3  
  150  12:02  Zealot  
  150  12:03  Zealot x3  
  150  12:04  Zealot  
  158  12:23  Zealot  
  158  12:24  Zealot x6  
  133  12:48  Zealot x4  
  133  12:49  Zealot x3  
  113  13:01  Disruptor (Chrono Boost)  
  116  13:18  Zealot x4  
  116  13:19  Zealot x3  
  130  13:23  Nexus  
  130  13:25  Pylon  
  130  13:26  Robotics Facility  
  130  13:27  Pylon  
  130  13:28  Templar Archives  
  130  13:29  Pylon  
  130  13:34  Disruptor (Chrono Boost)  
  130  13:41  Zealot x4  
  135  13:42  Zealot x2  
  135  13:43  Stalker  
  147  13:53  Psionic Storm  
  147  14:05  Stalker x5  
  147  14:06  Stalker x2  
  108  14:42  Zealot x4  
  108  14:43  Zealot x3  
  99  15:04  Zealot x3  
  99  15:05  Zealot x4  
Show
View Real Time Build Order
Export as new Build Order

MattBarry Zerg 

Build Orders: Hatch First 

Get SALT Encoding   

  12  0:00  Drone  
  13  0:12  Overlord  
  13  0:17  Drone  
  14  0:33  Drone x2  
  16  0:52  Hatchery  
  16  0:56  Drone x2  
  17  1:01  Extractor  
  16  1:14  Spawning Pool  
  16  1:16  Drone  
  16  1:27  Drone  
  16  1:28  Drone x2  
  19  1:40  Overlord  
  19  2:03  Zergling x2  
  19  2:06  Queen  
  19  2:08  Queen  
  24  2:16  Zergling x2, Metabolic Boost  
  25  2:26  Drone  
  26  2:50  Zergling x2, Drone x3  
  30  2:54  Queen  
  30  2:55  Queen  
  34  2:59  Overlord  
  33  3:29  Drone x4  
  33  3:30  Zergling x10, Drone  
  42  3:39  Lair, Extractor  
  41  3:46  Drone  
  41  3:47  Drone  
  43  3:54  Evolution Chamber  
  42  3:58  Evolution Chamber  
  42  4:00  Drone  
  42  4:01  Drone x2  
  42  4:02  Overlord x2  
  44  4:03  Spore Crawler  
  44  4:06  Spore Crawler  
  36  4:45  Overseer  
  36  4:59  Zerg Melee Weapons Level 1  
  36  5:01  Zerg Ground Armor Level 1  
  36  5:12  Drone x7  
  36  5:13  Drone x5  
  48  5:14  Extractor  
  48  5:15  Extractor  
  46  5:26  Zergling x6  
  46  5:27  Zergling x2  
  50  5:31  Roach Warren  
  49  5:51  Hatchery  
  48  5:58  Hatchery  
  48  6:00  Drone x4  
  48  6:01  Drone x5  
  48  6:02  Drone x2  
  48  6:03  Drone x2  
  60  6:04  Overlord  
  57  6:31  Hatchery  
  55  6:33  Baneling Nest  
  54  7:04  Zerg Melee Weapons Level 2  
  54  7:05  Zerg Ground Armor Level 2  
  54  7:08  Queen  
  54  7:09  Queen  
  58  7:17  Centrifugal Hooks  
  58  7:18  Nydus Network  
  58  7:19  Zergling x2  
  58  7:20  Zergling x16  
  58  7:21  Zergling x8  
  70  7:30  Queen  
  72  7:52  Queen  
  68  7:58  Zergling x2  
  68  7:59  Zergling x18  
  68  8:00  Overlord  
  77  8:08  Overlord  
  77  8:17  Queen  
  79  8:25  Drone x5  
  79  8:26  Drone, Overlord x3  
  85  8:32  Baneling x3  
  85  8:33  Baneling x14  
  82  9:15  Hatchery  
  78  9:39  Queen x3  
  78  9:40  Queen  
  75  9:59  Drone  
  78  10:00  Drone x24  
  78  10:01  Spore Crawler  
  78  10:02  Spore Crawler, Spine Crawler  
  78  10:04  Spine Crawler  
  96  10:15  Queen  
  96  10:16  Drone x2  
  96  10:17  Drone x2  
  96  10:18  Drone x6  
  107  10:26  Spore Crawler  
  102  10:38  Queen x3  
  102  10:39  Overlord  
  104  11:03  Queen  
  106  11:11  Zergling x2  
  106  11:12  Zergling x32  
  106  11:13  Zergling x4, Overlord  
  106  11:14  Overlord  
  125  11:19  Infestation Pit  
  121  11:26  Spire  
  121  11:29  Overseer  
  119  11:39  Queen  
  80  12:02  Drone  
  80  12:03  Drone x18  
  80  12:04  Queen x2  
  80  12:08  Spore Crawler  
  102  12:24  Zergling x4  
  104  12:33  Zergling x8  
  99  12:45  Hatchery  
  88  12:55  Zergling x4  
  88  12:56  Zergling x20  
  100  13:00  Extractor  
  100  13:01  Extractor  
  98  13:30  Hive  
  98  13:42  Mutalisk x6, Hatchery  
  98  13:43  Mutalisk x2  
  113  14:00  Spore Crawler  
  112  14:03  Spine Crawler  
  112  14:05  Spine Crawler  
  110  14:10  Drone  
  110  14:11  Drone x15  
  110  14:13  Overlord x2  
  126  14:18  Spore Crawler x2  
  67  14:45  Zergling x20  
  65  14:51  Mutalisk  
Tags
 
Add a new tag
Caveats
  • Supply blocks, unpowered buildings, or Contaminate may cause inaccurate times.
  • Supply counts are checked every 10 seconds.